Map: Cyber Forest LE

Players

Smileblind - Winner!

  • Race: Protoss Protoss
  • League: Silver
  • Spawn Location: 5:00

SpankMaster

  • Race: Terran Terran
  • League: Silver
  • Spawn Location: 11:00

VOD

Have the link to the VOD?

Description

Time

  • Played on: Feb. 1, 2019, 9:13 p.m.
  • Length: 15:25
Show
View Real Time Build Order
Export as new Build Order

Smileblind Protoss - Winner!

Build Orders:  

Get SALT Encoding   

  12  0:02  Probe  
  14  0:14  Probe  
  14  0:19  Pylon  
  14  0:26  Probe  
  15  0:38  Probe  
  16  0:45  Gateway  
  16  0:46  Probe  
  16  0:54  Probe  
  16  0:56  Assimilator  
  18  1:09  Gateway  
  18  1:18  Forge  
  18  1:21  Probe  
  19  1:31  Zealot  
  19  1:33  Probe  
  22  1:45  Probe  
  23  1:48  Cybernetics Core  
  23  2:03  Photon Cannon  
  23  2:19  Pylon  
  23  2:20  Assimilator  
  23  2:38  Warp Gate  
  23  2:39  Pylon  
  23  2:42  Stalker  
  25  2:45  Zealot  
  27  2:56  Photon Cannon  
  27  2:57  Probe  
  28  3:12  Stalker  
  30  3:16  Stalker  
  32  3:40  Photon Cannon  
  32  3:42  Stalker  
  33  3:57  Stalker  
  31  4:11  Stalker  
  33  4:21  Probe  
  33  4:23  Protoss Air Weapons Level 1  
  34  4:27  Sentry  
  36  4:33  Probe  
  37  4:42  Zealot  
  39  4:54  Pylon  
  39  5:06  Pylon  
  39  5:12  Probe, Zealot  
  41  5:23  Nexus  
  41  5:38  Gateway  
  41  5:40  Gateway  
  41  5:52  Photon Cannon  
  41  5:53  Probe, Pylon  
  42  6:05  Probe  
  29  6:39  Robotics Facility, Probe  
  29  6:42  Twilight Council  
  30  6:47  Probe, Sentry  
  30  6:49  Stalker  
  35  6:54  Zealot  
  35  6:56  Probe  
  38  7:04  Probe  
  38  7:08  Sentry  
  39  7:11  Stalker  
  39  7:14  Probe  
  41  7:20  Shield Battery  
  41  7:22  Dark Shrine  
  42  7:24  Probe  
  43  7:30  Charge  
  43  7:31  Probe  
  43  7:32  Probe  
  45  7:41  Immortal, Probe  
  46  7:53  Probe  
  51  8:05  Probe  
  52  8:08  Protoss Ground Weapons Level 1  
  52  8:12  Robotics Bay  
  52  8:25  Probe  
  57  8:27  Immortal  
  57  8:28  Pylon  
  57  8:36  Dark Templar  
  57  8:37  Probe  
  60  8:45  Probe  
  60  8:47  Assimilator  
  60  8:53  Probe  
  60  8:54  Assimilator  
  62  9:03  Probe  
  62  9:05  Dark Templar  
  65  9:15  Probe  
  64  9:19  Colossus  
  68  9:32  Zealot  
  68  9:34  Dark Templar  
  72  9:43  Zealot  
  74  9:54  Probe  
  75  10:02  Stargate  
  75  10:04  Dark Templar  
  75  10:06  Probe  
  78  10:17  Pylon  
  78  10:35  Probe, Pylon  
  79  10:38  Pylon  
  79  10:41  Pylon  
  79  10:44  Colossus  
  85  10:53  Oracle  
  88  10:59  Fleet Beacon  
  88  11:03  Gateway  
  88  11:05  Protoss Ground Weapons Level 2  
  88  11:10  Gateway  
  88  11:11  Gateway, Zealot x3  
  90  11:12  Zealot  
  90  11:13  Gateway  
  96  11:25  Nexus  
  96  11:34  Stargate  
  96  11:37  Probe x2  
  98  11:44  Stalker  
  100  11:49  Probe x2  
  100  11:52  Observer  
  103  12:01  Pylon, Probe x2  
  105  12:02  Pylon  
  105  12:11  Mothership  
  105  12:13  Probe  
  114  12:25  Probe  
  115  12:35  Assimilator  
  115  12:40  Assimilator  
  115  12:49  Carrier  
  121  13:03  Probe, Carrier  
  127  13:11  Probe  
  128  13:17  Dark Templar  
  131  13:20  Probe  
  131  13:21  Dark Templar  
  131  13:25  Zealot x3  
  140  13:32  Probe  
  141  13:47  Pylon  
  141  13:50  Pylon  
  141  13:54  Pylon  
  141  13:55  Probe, Pylon  
  141  13:58  Nexus  
  140  14:04  Probe  
  141  14:10  Carrier  
  141  14:16  Probe  
  148  14:19  Tempest  
  153  14:27  Probe  
  154  14:35  Probe  
  154  14:38  Shield Battery  
  154  14:41  Shield Battery  
  154  14:43  Probe  
  154  14:45  Shield Battery  
  155  14:46  Shield Battery  
  156  14:54  Probe  
Show
View Real Time Build Order
Export as new Build Order

SpankMaster Terran 

Build Orders: Command Center First (CC), Mech 

Get SALT Encoding   

  12  0:04  SCV  
  13  0:16  SCV  
  14  0:28  SCV  
  15  0:55  Command Center  
  15  1:01  Supply Depot  
  15  1:07  Refinery  
  15  1:12  Refinery  
  15  1:23  SCV  
  16  1:27  Engineering Bay  
  16  1:46  SCV  
  17  2:02  Barracks  
  17  2:06  SCV  
  18  2:11  SCV  
  19  2:40  Planetary Fortress  
  19  3:04  Planetary Fortress  
  19  3:11  Factory  
  15  3:41  SCV  
  16  3:53  SCV  
  15  4:19  Factory  
  15  4:25  Factory  
  15  4:32  Supply Depot  
  15  4:38  Supply Depot  
  15  4:46  Marine  
  16  4:55  Supply Depot  
  16  5:04  Factory Tech Lab, Marine  
  17  5:16  Factory Tech Lab  
  17  5:22  Marine  
  21  5:42  Siege Tank  
  21  5:49  Marine  
  22  5:56  SCV  
  16  6:26  Siege Tank  
  19  6:53  Siege Tank  
  22  7:13  SCV  
  23  7:25  SCV  
  23  7:26  Missile Turret  
  24  7:42  Widow Mine  
  26  7:46  Widow Mine  
  28  8:39  Command Center  
  28  8:45  Siege Tank  
  31  9:11  Starport  
  28  9:39  Missile Turret  
  28  9:41  Missile Turret  
  28  10:17  Starport Tech Lab  
  28  10:19  Cyclone  
  31  10:21  Mag-Field Accelerator  
  31  10:39  Supply Depot, Viking  
  33  11:02  Orbital Command  
  33  11:17  Cyclone  
  36  11:25  SCV  
  37  11:44  SCV  
  38  11:56  SCV  
  38  11:57  Siege Tank  
  42  12:05  Marine  
  43  12:18  SCV  
  44  12:27  Raven  
  46  12:30  SCV  
  46  12:36  Cyclone  
  50  12:48  Supply Depot  
  50  13:10  Banshee  
  50  13:11  SCV  
  54  13:23  SCV  
  54  13:25  Siege Tank  
  58  14:16  Cyclone  
  61  14:40  Marine  
  62  15:07  Marine  
Tags
 
Add a new tag
Caveats
  • Supply blocks, unpowered buildings, or Contaminate may cause inaccurate times.
  • Supply counts are checked every 10 seconds.